 Dungeon Crawl Stone Soup version 0.23.2-33-g5129a83184 (webtiles) character file.

Game seed: 3032716969837618833

59 Folque the Conjurer (level 3, -2/28 HPs)
             Began as a Demigod Conjurer on July 12, 2019.
             Slain by Terence
             ... wielding a +0 trident
              (4 damage)
             ... on level 2 of the Dungeon.
             The game lasted 00:03:06 (715 turns).

Folque the Conjurer (Demigod Conjurer)               Turns: 715, Time: 00:03:07

Health: -2/28      AC:  3    Str: 11    XL:     3   Next: 54%
Magic:  5/9        EV: 12    Int: 21    God:
Gold:   45         SH:  0    Dex: 16    Spells: 1/7 levels left

rFire    . . .     SeeInvis .   g - +2 short sword (drain)
rCold    . . .     Gourm    .   (no shield)
rNeg     . . .     Faith    .   a - +0 robe
rPois    .         Spirit   .   (no helmet)
rElec    .         Reflect  .   (no cloak)
rCorr    .         Harm     .   i - +0 pair of gloves
MR       .....                  (no boots)
Stlth    ++........             (no amulet)
HPRegen  0.09/turn              (no ring)
MPRegen  0.11/turn              (no ring)

@: no status effects
A: high mp 1
a: no special abilities


You were on level 2 of the Dungeon.
You were not hungry.

You visited 1 branch of the dungeon, and saw 2 of its levels.

You collected 45 gold pieces.

Inventory:

Hand Weapons
 f - a +0 club
 g - a +2 short sword of draining (weapon)
Armour
 a - a +0 robe (worn)
 i - a +0 pair of gloves (worn)
Jewellery
 b - an uncursed amulet of harm {unknown}
Scrolls
 e - a scroll of remove curse {unknown}
 h - 2 scrolls of amnesia {unknown}
Comestibles
 c - 3 rations
 d - 4 chunks of flesh


   Skills:
 - Level 1.3 Fighting
 - Level 1.7 Dodging
 - Level 1.7 Stealth
 * Level 2.5 Spellcasting
 + Level 4.1 Conjurations


You had one spell level left.
You knew the following spells:

 Your Spells              Type           Power        Failure   Level  Hunger
a - Magic Dart            Conj           ###.         2%          1    None
b - Searing Ray           Conj           ###...       3%          2    ##.....
c - Dazzling Spray        Conj/Hex       ##....       19%         3    ###....

Your spell library contained the following spells:

 Spells                   Type           Power        Failure   Level  Hunger
 Iskenderun's Mystic Bla  Conj           ###.....     26%         4    ####...
 Force Lance              Conj/Tloc      ##......     52%         4    ####...
 Fulminant Prism          Conj/Hex       ##........   52%         4    ####...


Dungeon Overview and Level Annotations

Branches:
Dungeon (2/15)

Annotations:
D:2 Terence


Innate Abilities, Weirdness & Mutations

You have an increased reservoir of magic. (+10% MP)


Message History

Confirm with . or Enter, or press ? or * to list all spells.
Aiming: Searing Ray (safe; 3% risk of failure)
Press: ? - help, Shift-Dir - straight line, f - Terence
Aim: Terence, wielding a +0 trident and wearing a +2 ring mail of cold resistance (resting)
The searing ray hits Terence.
Terence is lightly wounded.
Terence shouts! (Press . to maintain the ray.)
The searing ray hits Terence.
Terence is lightly wounded.
Terence hits you from afar with a +0 trident!
The searing ray hits Terence.
Terence is moderately wounded.
Terence hits you from afar with a +0 trident!
The searing ray misses Terence.
You finish channeling your searing ray.
Terence hits you from afar with a +0 trident!
* * * LOW HITPOINT WARNING * * *
There is a stone staircase leading up here.
Terence hits you from afar with a +0 trident.
You die...

#############
#######...รท<.......
........###########
####.........#
#.........#
#.........#
#.........#
#.........# .
#.......@.# ..
#.#.....[...# ..
#....._...@.# .#
###.........# .#
#####..#####..#
##..@...(#
..######.###..##
.........##...#
..######......#


You could see Terence.

Vanquished Creatures
  3 adders (D:2)
  A dart slug (D:1)
  3 giant cockroaches (D:1)
  7 goblins (D:1)
  3 hobgoblins
  2 jackals (D:2)
  2 bats (D:1)
  2 frilled lizards (D:1)
  3 kobolds (D:1)
  2 rats (D:1)
28 creatures vanquished.

Notes
Turn   | Place    | Note
-------+----------+-------------------------------------------
     0 | D:1      | Folque the Demigod Conjurer began the quest for the Orb.
     0 | D:1      | Reached XP level 1. HP: 14/14 MP: 5/5
   247 | D:1      | Reached XP level 2. HP: 19/22 MP: 4/7
   333 | D:1      | Reached skill level 4 in Conjurations
   338 | D:1      | Learned a level 2 spell: Searing Ray
   529 | D:2      | Found a bloodstained altar of Trog.
   534 | D:1      | Reached skill level 1 in Fighting
   599 | D:2      | Reached XP level 3. HP: 19/28 MP: 5/9
   630 | D:2      | Learned a level 3 spell: Dazzling Spray
   663 | D:2      | Noticed Terence
   715 | D:2      | Slain by Terence

Skill      XL: |  1  2 |
---------------+-------+-----
Spellcasting   | 2 |  2.5
Conjurations   | 4 |  4.1
Fighting       | 1 |  1.3
Dodging        | |  1.7
Stealth        | |  1.7

Action                   || total
-------------------------++-------
Melee: Club              ||     7
       Unarmed           ||     5
       Short sword       ||    29
 Cast: Magic Dart        ||    20
       Searing Ray       ||     3
 Stab: Sleeping          ||     1
Armor: Robe              ||    11
Dodge: Dodged            ||    29
